Map: NeoSchool - Proxima Station (LOTV)

Players

OrdNassiL - Winner!

  • Race: Terran Terran
  • Spawn Location: 1:00

Player 2

  • Race: Terran Terran
  • Spawn Location: 7:00

VOD

Have the link to the VOD?

Description

Time

  • Played on: July 8, 2018, 4:08 p.m.
  • Length: 12:50
Show
View Real Time Build Order
Export as new Build Order

OrdNassiL Terran - Winner!

Build Orders:  

Get SALT Encoding   

  12  0:02  SCV  
  13  0:15  Supply Depot  
  13  0:18  SCV  
  14  0:37  SCV  
  14  0:41  Barracks  
  15  0:46  Supply Depot  
  15  0:49  SCV  
  16  1:03  SCV  
  17  1:26  Command Center  
  17  1:34  Marine  
  17  1:39  Supply Depot  
  18  1:47  Orbital Command  
  18  2:02  Marine  
  18  2:07  Barracks  
  19  2:14  Barracks  
  19  2:20  SCV, Marine  
  21  2:32  SCV  
  22  2:37  Marine  
  23  2:44  SCV x2  
  25  2:55  Marine  
  25  2:56  SCV x2  
  28  3:02  Barracks  
  28  3:03  Barracks  
  28  3:09  Marine x2  
  28  3:12  SCV  
  31  3:13  Marine  
  31  3:15  SCV  
  33  3:26  Marine  
  34  3:33  Supply Depot, SCV x2  
  36  3:34  Marine  
  36  3:35  Marine  
  38  3:44  Marine  
  38  3:45  SCV x2  
  41  3:50  Barracks  
  41  3:55  Barracks  
  41  3:57  SCV  
  41  3:58  SCV  
  41  4:01  Marine x4  
  47  4:03  Marine  
  47  4:09  SCV  
  49  4:10  SCV  
  50  4:19  Marine x4  
  50  4:21  Marine  
  50  4:22  SCV x2  
  57  4:26  Supply Depot  
  57  4:37  Marine x4  
  57  4:38  Barracks  
  61  4:43  Barracks  
  61  4:47  Marine x2  
  61  4:48  Marine  
  64  4:54  Marine  
  64  4:55  Marine x2  
  64  4:57  Supply Depot  
  64  4:58  Marine  
  59  5:05  Marine x3  
  54  5:12  Marine x2  
  54  5:13  Marine  
  56  5:15  SCV  
  56  5:16  Marine  
  54  5:23  Marine x3  
  54  5:25  SCV  
  58  5:30  Marine x3  
  58  5:34  Barracks, Marine  
  62  5:38  Supply Depot  
  62  5:41  Barracks, Marine x3  
  58  5:46  Marine x2  
  58  5:48  Marine x3  
  58  5:49  SCV  
  61  5:51  Marine  
  61  5:59  Marine x2  
  61  6:00  SCV  
  61  6:01  SCV  
  65  6:13  SCV x2  
  65  6:15  Barracks  
  67  6:19  Marine x5  
  67  6:20  Marine x2  
  67  6:21  Marine  
  67  6:23  Marine  
  67  6:24  Marine  
  67  6:25  SCV x2  
  78  6:32  Marine  
  80  6:37  SCV, Marine x4  
  80  6:38  SCV  
  80  6:39  Barracks  
  86  6:42  Barracks  
  79  6:49  Marine x5  
  79  6:50  Marine x2  
  79  6:52  SCV  
  79  6:53  SCV  
  81  7:04  SCV  
  81  7:05  Supply Depot, SCV  
  81  7:06  Marine x4  
  88  7:08  Marine  
  88  7:10  Marine  
  88  7:11  Marine  
  94  7:23  SCV  
  94  7:24  SCV  
  90  7:30  Supply Depot  
  90  7:31  Marine x3  
  90  7:32  Marine x5  
  90  7:33  Marine x5  
  90  7:34  Marine  
  90  7:42  Supply Depot  
  85  7:48  SCV x2  
  85  7:50  Barracks  
  87  7:51  Supply Depot  
  87  7:54  Marine  
  87  7:55  Marine x2  
  87  7:56  Marine  
  87  7:57  Marine  
  88  7:59  Marine  
  88  8:01  Marine  
  84  8:09  Supply Depot  
  84  8:10  Marine x2  
  84  8:11  Marine x2  
  86  8:13  SCV  
  87  8:29  SCV x2, Marine  
  87  8:30  Marine x6  
  87  8:31  Marine  
  87  8:33  Marine x2  
  99  8:34  Marine  
  99  8:41  SCV  
  101  8:42  Barracks  
  101  8:44  Supply Depot  
  101  8:50  Supply Depot  
  101  8:51  Marine x4  
  101  8:54  Marine x2  
  107  8:55  Marine  
  107  8:59  Marine  
  107  9:00  Marine x2  
  107  9:01  Marine  
  112  9:03  Marine  
  106  9:23  Marine  
  106  9:24  Barracks, Marine x7  
  107  9:25  Marine x2  
  107  9:26  Marine  
  107  9:27  Marine  
  107  9:29  Marine  
  119  9:32  Marine  
  119  9:35  SCV  
  119  9:36  SCV  
  121  9:41  Marine  
  121  9:43  Marine x4  
  121  9:45  Marine  
  120  9:51  Marine x3  
  120  9:52  Marine  
  119  9:54  Marine  
  119  9:56  Marine  
  120  10:12  Command Center  
  120  10:13  Marine  
  121  10:17  Marine x2  
  121  10:20  Marine x2  
  124  10:36  Supply Depot  
  124  10:37  Marine x3  
  124  10:38  Marine x4  
  124  10:39  Marine  
  124  10:40  Marine  
  132  10:48  Marine x3  
  132  10:49  Marine x2  
  135  10:51  SCV  
  135  10:52  SCV  
  136  11:03  SCV  
  138  11:04  SCV  
  138  11:06  Marine  
  138  11:07  Marine x5  
  144  11:15  SCV  
  144  11:16  SCV  
  146  11:21  Barracks  
  146  11:25  Marine x3  
  146  11:26  Marine x5  
  154  11:33  Marine x5  
  154  11:34  Marine  
  154  11:35  SCV  
  161  11:41  SCV  
  161  11:42  Marine  
  161  11:43  Marine x2  
  161  11:44  Marine  
  161  11:45  Marine  
  161  11:46  Marine  
  168  11:47  SCV, Marine  
  168  11:54  SCV  
  171  11:57  Supply Depot  
  171  12:14  Supply Depot  
  171  12:18  Marine x5  
  171  12:19  Marine x8  
  171  12:20  Marine x3  
  188  12:30  SCV x2  
  195  12:42  Supply Depot  
Show
View Real Time Build Order
Export as new Build Order

Player 2 Terran 

Build Orders: MMM Bio 

Get SALT Encoding   

  12  0:00  SCV  
  13  0:13  SCV  
  14  0:19  Supply Depot  
  14  0:25  SCV  
  15  0:40  SCV  
  16  0:43  Barracks  
  16  0:48  Refinery  
  16  0:52  SCV  
  17  1:04  SCV  
  18  1:16  SCV  
  19  1:22  Supply Depot  
  19  1:29  SCV  
  19  1:31  Marine  
  21  1:41  Barracks, Orbital Command  
  21  1:50  Refinery, Barracks Tech Lab  
  21  2:08  Marine  
  22  2:09  Supply Depot  
  22  2:25  Marine  
  22  2:28  Marine  
  24  2:43  Marine  
  25  2:46  Marine  
  25  2:47  Supply Depot  
  26  2:55  SCV  
  27  3:02  Marauder  
  27  3:03  Marine  
  30  3:07  SCV, Engineering Bay  
  31  3:19  SCV  
  32  3:21  Marine  
  32  3:22  Marine  
  32  3:25  Supply Depot  
  34  3:31  SCV  
  35  3:41  Marauder  
  37  3:43  SCV  
  38  3:55  SCV  
  38  4:02  Marauder  
  41  4:24  Marauder  
  43  4:55  Barracks Tech Lab  
  43  4:56  Stimpack, Reaper  
  43  4:58  Factory  
  43  4:59  Terran Infantry Weapons Level 1  
  42  5:01  Factory  
  42  5:12  Missile Turret  
  42  5:13  Concussive Shells  
  42  5:14  Marine  
  43  5:19  Missile Turret  
  43  5:28  Marine  
  44  5:31  Supply Depot  
  44  5:32  Marauder  
  46  5:39  Bunker  
  46  5:42  Command Center, Factory Tech Lab  
  39  5:46  Starport, Marauder  
  39  5:50  Factory Tech Lab, Starport  
  39  5:53  Marine  
  39  5:56  Combat Shields  
  38  6:07  Marine  
  41  6:11  Marauder  
  41  6:23  Starport Tech Lab  
  43  6:25  Marauder  
  43  6:27  Starport Tech Lab  
  43  6:32  Marine  
  44  6:42  Raven  
  44  6:46  Marine  
  42  6:50  Reaper  
  42  6:54  Terran Infantry Armor Level 1  
  41  6:55  SCV  
  41  6:56  SCV, Refinery  
  43  7:02  Refinery  
  43  7:04  Marine  
  43  7:07  SCV  
  43  7:08  SCV  
  46  7:11  Missile Turret  
  46  7:16  Raven  
  46  7:19  SCV, Missile Turret  
  46  7:20  SCV  
  46  7:22  Marine  
  51  7:24  Reaper  
  52  7:31  SCV  
  52  7:32  SCV  
  46  7:40  Marine  
  46  7:43  SCV  
  48  7:45  SCV  
  49  7:55  SCV  
  49  7:56  Marine  
  49  7:58  SCV, Marauder  
  47  8:07  SCV  
  47  8:10  SCV  
  49  8:13  Marine  
  49  8:19  SCV, Marine  
  52  8:22  SCV  
  53  8:28  Raven  
  53  8:31  SCV  
  53  8:32  Marauder  
  58  8:34  Supply Depot, SCV  
  58  8:37  Marine  
  60  8:42  Bunker  
  60  8:43  SCV  
  60  8:47  SCV  
  62  8:53  Marine  
  62  8:54  Marine  
  64  8:55  SCV  
  64  8:56  Sensor Tower  
  64  8:58  Armory  
  64  8:59  SCV  
  66  9:04  Siege Tank  
  66  9:08  Supply Depot  
  62  9:13  Marauder  
  62  9:15  Raven  
  59  9:17  Widow Mine  
  59  9:23  Marine  
  59  9:30  Viking  
  59  9:36  Marine  
  53  9:43  Marine  
  42  9:51  SCV  
  27  9:54  Marine  
  27  9:56  SCV  
  21  10:01  Marauder  
  21  10:06  SCV  
  16  10:12  SCV, Marine  
  14  10:19  SCV  
  13  10:23  Marauder  
  5  11:05  SCV  
  2  11:17  SCV  
Tags
 
Add a new tag
Caveats
  • Supply blocks, unpowered buildings, or Contaminate may cause inaccurate times.
  • Supply counts are checked every 10 seconds.